[Event "Sautron op 16th"]
[Site "Sautron"]
[Date "2016.10.22"]
[Round "5.2"]
[White "Stets, Dmitry"]
[Black "Koziak, Vitali"]
[Result "1/2-1/2"]
[ECO "C69"]
[WhiteElo "2436"]
[BlackElo "2479"]
[Annotator "RR"]
[PlyCount "51"]
[EventDate "2016.10.22"]
[EventType "swiss"]
[EventRounds "9"]
[EventCountry "FRA"]
[SourceTitle "EXT 2019"]
[Source "ChessBase"]
[SourceDate "2018.10.10"]
[SourceVersion "1"]
[SourceVersionDate "2018.10.10"]
[SourceQuality "1"]
[TimeControl "40/5400+30:1800+30"]
[WhiteClock "0:53:04"]
[BlackClock "0:34:40"]

1. e4 e5 2. Nf3 Nc6 3. Bb5 a6 4. Bxc6 dxc6 5. O-O f6 {[%emt 0:00:19] La
grande ligne de la variante d'échange} 6. d4 exd4 7. Nxd4 c5 8. Nb3 (
8. Ne2 {L'alternative} Qxd1 9. Rxd1 Bd7 10. Nbc3 O-O-O 11. Be3 Re8 12. Rd2 Bc6
13. Rad1 b6 14. f3 Ne7 15. Nf4 Ng6 16. Nxg6 hxg6 17. Bf4 g5 $132) 8... Qxd1 9. Rxd1 Bd6 10. Na5 {[%emt 0:
10:01] Après une longue réflexion mais la position reste connue} b5 11. c4 Ne7 12. Be3 (
12. Nc3 Rb8 13. Be3 Be6 14. Rac1 Kf7 15. b3 Rhd8 16. Nd5 Rd7 17. f4 Rbd8 18.
Nb7 Rb8 19. Nxc5 Bxc5 20. Bxc5 Nxd5 21. cxd5 Bg4 22. Re1 Ke8 23. Bb4 Kd8 24.
Rc6 f5 25. h3 Bh5 26. exf5 Rxd5 27. Ba5 Rb7 28. Rxa6 b4 29. Re4 Rdb5 30. Rd4+
Ke8 31. Re6+ Kf8 32. Rd8+ Kf7 33. Rd7+ Kf8 34. Bxc7 h6 35. Bd6+ Kg8 36. Rxb7
Rxb7 37. Re4 Ra7 38. Rxb4 Rxa2 39. Rb8+ Kh7 40. Rb7 Be8 41. Rc7 Rd2 {Guseinov,
G (2634)-Bachmann,A (2593) Berlin 2015 1-0}) 12... f5 (12...
Rb8) 13. Nc3 f4 14. e5 {[%emt 0:02:59] Une
idée du spécialiste de la variante d'échange jouée aux olympiades de la
Havane} Bxe5 (14... fxe3 15. exd6 exf2+ 16. Kxf2 O-O+ 17. Kg1
cxd6 18. Rxd6 {Teterev,V (2507)-Novitzkij,D (2373) BLR-ch Minsk 2006 (11) 1/2})
15. Bxc5 Bxc3 16. bxc3 Ng6 17. Nc6 Bd7 $5 $146 {[%emt 0:09:25] Une
nouveauté sugérée dans l'informateur n°2 mais proablement trouvée devant
l'échiquier car les Noirs ont dépensé près de 10 mns} (17... Be6 18. cxb5
axb5 19. Na7 Rb8 20. Rdb1 Kf7 21. Nxb5 Rhd8 22. Rb4 Bxa2 23. Nxc7 Rbc8 24. h4
Rd2 25. Bb6 f3 26. Be3 Re2 27. Nb5 Ra8 28. h5 Ne5 29. Rf4+ Ke7 30. Rd1 Rc8 31.
Re4 Kf6 32. Rd6+ Kf5 33. Rf4+ Kg5 34. Rxf3+ {1-0 (34) Fischer,R-Portisch,L
Havana 1966}) 18. Re1+ Kf7 19. Ne5+ Nxe5 20. Rxe5 Rhe8 21. Rae1 Rxe5 22. Rxe5 Re8 23. Rxe8 Bxe8 24. f3 bxc4 {[%emt 0:01:51] Avec des B de couleurs opposées, le P
gagné a peu de chances d'être valorisé} 25. Bd4 g5 26. Be5 1/2-1/2

[Event "Sautron op 13th"]
[Site "Sautron"]
[Date "2013.10.28"]
[Round "3"]
[White "Kasparov, Sergey"]
[Black "Migot, Tangi"]
[Result "1-0"]
[ECO "C69"]
[WhiteElo "2480"]
[BlackElo "2354"]
[Annotator "RR"]
[PlyCount "99"]
[EventDate "2013.10.26"]
[EventType "swiss"]
[EventRounds "9"]
[EventCountry "FRA"]
[SourceTitle "EXT 2016"]
[Source "ChessBase"]
[SourceDate "2015.10.08"]
[SourceVersion "1"]
[SourceVersionDate "2015.10.08"]
[SourceQuality "1"]
[TimeControl "40/5400+30:1800+30"]
[WhiteClock "1:30:00"]
[BlackClock "1:30:00"]

1. e4 e5 2. Nf3 Nc6 3. Bb5 a6 4. Bxc6 dxc6 5. O-O f6 6. d4 Bg4 7. dxe5 (7. c3) 7...
Qxd1 8. Rxd1 fxe5 9. Nbd2 O-O-O 10. Re1 Bd6 11. h3 Bh5 12. Nh4 Ne7 13. Nc4 (13. Ndf3 Rd7 14. g4 Bf7 15. b3
h5 16. Bb2 hxg4 17. hxg4 c5 18. Kg2 Nc6 19. Rh1 Rf8 20. Nf5 g6 21. Nxd6+ cxd6
22. Ng5 d5 23. Nh7 Rfd8 24. Nf6 Rd6 25. Nxd5 Bxd5 26. exd5 Rxd5 27. Rae1 Rd2
28. Bxe5 Nxe5 29. Rxe5 Rxc2 30. Rh7 Rf8 31. Kg3 Rcxf2 32. Rg7 Kb8 33. Kh4 Rxa2
34. Ree7 b5 35. Kg5 Ra3 36. Rb7+ Ka8 37. Ra7+ Kb8 38. Rgb7+ Kc8 39. Re7 Kb8 40.
Rab7+ Ka8 41. Ra7+ Kb8 42. Reb7+ Kc8 {Rause,O (2720)-Piccardo,V (2574) ICCF
corr 2003 1/2-1/2}) 13... h6 14. Nf5 Nxf5 15. exf5 Rhe8 16. Nxd6+ cxd6 17. f4 exf4 18. Bxf4 Kd7 $146 {[%emt 0:03:28] La tentative
d'amélioration sur une partie précédente du GMI} (18... Bf7 19. b3 Bd5 20.
c4 Be4 21. g4 b5 22. Rad1 d5 23. cxd5 Bxd5 24. Kf2 Be4 25. Rd2 Bd5 26. Rde2
Rxe2+ 27. Rxe2 Kd7 28. Be5 Rg8 29. b4 Bc4 30. Re3 g6 31. f6 Re8 32. a3 h5 33.
Kg3 hxg4 34. hxg4 g5 35. Kf2 Bd5 36. Kg3 Bc4 37. Kf3 Ke6 38. Bd6+ Kf7 39. Be7
Rh8 40. Re5 Bd5+ 41. Kg3 Kg6 42. f7 Kxf7 43. Bxg5 Rh1 44. Re7+ Kg6 45. Be3 Ra1
46. Bd4 Rd1 47. Be5 Rg1+ 48. Kh4 {Kasparov,S (2504)-Sangma,R (2358)
Bhubaneswar 2010 1/2-1/2}) 19. g4 $1 {[%emt 0:07:03] Gagne de l'espace et les
Blancs ont des petites chances de gain} Bf7 20. Kf2 c5 21. a3 (21. Rad1 Kc6 (21... d5 22.
Be5 )) 21... Rxe1 22. Rxe1 Re8 23. Rd1 d5 {[%emt 0:00:38] La finale est plus
ou moins égale mais la majorité Blanche de l'aile-roi est peut-être
légèrement plus facile à valoriser} 24. c3 Kc6 25. Be3 Bg8 $6 26. Kf3 b6 27. Rg1 $5 Bh7 {[%emt 0:
03:20] un plan passif mais qui empêche la poussée du P"g"} 28. h4 a5 29. h5 a4 30. Rd1 Bg8 31. Bf4 Bf7 32. Rd3 Re1 33. Re3 $1 {
[%emt 0:02:01] Toutes les finales de B de couleurs opposées ne sont pas nulles
} Rf1+ (33... Rxe3+ 34. Kxe3 $18 ) 34.
Kg3 Rg1+ 35. Kh3 Rf1 $2 (35... d4 $142 36. cxd4 cxd4 37. Re7) 36. Be5 $40 Bxh5 $2 37. gxh5 Rxf5 38. Kh4 Rg5 39. Bg3 d4 40. cxd4 cxd4 41. Re6+ Kd5 42. Rxb6 d3 43. Bf4 (43. Ra6 Rxg3 $1 (43... d2 44. Rd6+) 44. Kxg3 d2
45. Ra8 Ke4 46. Rd8 Ke3) 43... Rg2 $4 44. Kh3 Rc2 45. Kg3 Ke4 46. Rb4+ Kd5 47. Rb7 Ke4 48. Rb4+ Kd5 49. Kf3 d2 50. Ke2 1-0